 Dungeon Crawl Stone Soup version 0.17.0-28-g6e173f8 (webtiles) character file.

745 PossumBlood the Covered (level 8, -1/60 HPs)
             Began as a Human Fighter on Nov 28, 2015.
             Slain by a gnoll
             ... wielding a +0 halberd
              (5 damage)
             ... on level 5 of the Dungeon.
             The game lasted 00:10:58 (4887 turns).

PossumBlood the Covered (Human Fighter)             Turns: 4887, Time: 00:10:58

Health: -1/60      AC:  9    Str: 18    XL:     8   Next: 5%
Magic:  8/8        EV:  9    Int:  8    God:
Gold:   204        SH: 10    Dex: 14    Spells: 1 memorised, 5 levels left

rFire  . . .     SeeInvis .     a - +0 long sword
rCold  . . .     Clarity  .     b - +0 scale mail
rNeg   . . .     SustAt   .     c - +0 shield
rPois  .         Gourm    .     C - +0 helmet
rElec  .         Spirit   .     (no cloak)
rCorr  .         Warding  .     (no gloves)
rMut   .         Stasis   .     o - +0 pair of boots
MR     .....                    (no amulet)
Stlth  ..........               (no ring)
                                (no ring)

@: not resistant to hostile enchantments, extremely unstealthy
A: no striking features
a: no special abilities


You were on level 5 of the Dungeon.
You were not hungry.

You visited 2 branches of the dungeon, and saw 6 of its levels.

You collected 204 gold pieces.

Inventory:

Hand Weapons
 a - a +0 long sword (weapon)
 y - a +2 antimagic hand axe
Missiles
 p - 12 javelins (quivered)
Armour
 b - a +0 scale mail (worn)
 c - a +0 shield (worn)
 o - a +0 pair of boots (worn)
 C - a +0 helmet (worn)
Scrolls
 d - 2 scrolls of teleportation
 f - a scroll of enchant armour {unknown}
 i - 7 scrolls of remove curse
 k - 2 scrolls of noise {unknown}
 n - 3 scrolls of identify
 r - a scroll of amnesia {unknown}
 s - 3 scrolls of recharging {unknown}
 t - a scroll of random uselessness {unknown}
Potions
 e - a potion of brilliance {unknown}
 g - a potion of heal wounds
 h - a potion of cure mutation {unknown}
 j - 2 potions of flight {unknown}
 l - 2 potions of magic {unknown}
 m - a potion of lignification {unknown}
 w - a potion of poison {unknown}
 z - a potion of invisibility {unknown}
 B - a potion of mutation {unknown}
Books
 u - a Young Poisoner's Handbook

   Spells                             Type                      Level
   a - Sting                          Conjuration/Poison           1
   b - Cure Poison                    Poison                       2
   c - Mephitic Cloud                 Conjuration/Poison/Air       3
   d - Olgreb's Toxic Radiance        Poison                       4
   e - Venom Bolt                     Conjuration/Poison           5
 v - a book of Summonings

   Spells                             Type                      Level
   a - Recall                         Summoning/Translocation      3
   b - Aura of Abjuration             Summoning                    5
   c - Shadow Creatures               Summoning                    5
   d - Summon Demon                   Summoning                    5
   e - Summon Forest                  Summoning/Translocation      5
   f - Summon Mana Viper              Hexes/Summoning              5
Comestibles
 q - 2 bread rations
 x - 2 meat rations
 A - a slice of pizza


   Skills:
 + Level 4.1 Fighting
 * Level 4.5 Long Blades
 + Level 4.9 Armour
 + Level 3.3 Dodging
 + Level 4.8 Shields


You had 5 spell levels left.
You knew the following spells:

 Your Spells              Type           Power        Failure   Level  Hunger
a - Cure Poison           Pois           #.........   100%        2    ###....


Dungeon Overview and Level Annotations

Branches:
Dungeon (5/15)             Temple (1/1) D:5

Altars:
Cheibriados
Dithmenos
Elyvilon
Gozag
Vehumet
Xom
The Shining One


Message History

The gnoll is moderately wounded.
You block the gnoll's attack. x2
The gnoll barely misses you.
You closely miss the gnoll.
The gnoll is moderately wounded.
The gnoll hits you from afar with a halberd.
* * * LOW HITPOINT WARNING * * *
You block the gnoll's attack.
You hit the gnoll.
The gnoll is almost dead.
The gnoll hits you with a spear.
* * * LOW HITPOINT WARNING * * *
The gnoll barely misses you.
You hit the gnoll but do no damage.
The gnoll is almost dead.
The gnoll barely misses you. The gnoll completely misses you.
You hit the gnoll.
You kill the gnoll!
The gnoll hits you from afar with a halberd.
You die...

#.## #.########
#........# ######
#.######.# >....# #.#
#.# ...#.######.#### #.#
...#.......g...# #.#
......#####.##g###.#####
...#..# ##...#.)@......#
.. #..# #.....####.###.#
#)(# ##.........# #.#
.......# ##.######## #.#
.......# #.# #.###
#.###..# #.# #...# #.
#..# ##'## ###.# #
#.####...## #.#
..###.....## ####.#


You could see a gnoll.

Vanquished Creatures
  Eustachio (D:4)
  A sky beast (D:4)
  An ice beast (D:5)
  Blork the orc (D:4)
  A centaur zombie (D:5)
  An iguana (D:4)
  2 worker ants (D:4)
  4 river rats (D:4)
  5 gnolls
  10 adders
  3 worms
  4 giant geckos
  5 orcs
  A ball python (D:1)
  8 bats
  5 giant cockroaches
  6 goblins
  11 hobgoblins
  2 jackals (D:1)
  A quokka (D:4)
  5 giant newts
  4 kobolds
  A quokka skeleton (D:4)
  4 rats
87 creatures vanquished.

Vanquished Creatures (others)
  A plant (D:4)
1 creature vanquished.

Grand Total: 88 creatures vanquished

Notes
Turn   | Place    | Note
--------------------------------------------------------------
     0 | D:1      | PossumBlood the Human Fighter began the quest for the Orb.
     0 | D:1      | Reached XP level 1. HP: 18/18 MP: 1/1
   212 | D:1      | Reached XP level 2. HP: 24/24 MP: 2/2
   450 | D:1      | Reached XP level 3. HP: 29/29 MP: 3/3
  1141 | D:2      | Reached XP level 4. HP: 35/35 MP: 4/4
  1263 | D:3      | Reached skill level 1 in Dodging
  1899 | D:3      | Reached XP level 5. HP: 37/41 MP: 5/5
  2587 | D:3      | Learned a level 2 spell: Cure Poison
  2760 | D:4      | Found a glowing golden altar of the Shining One.
  2792 | D:4      | Reached skill level 4 in Armour
  3105 | D:4      | Noticed Eustachio
  3171 | D:4      | Killed Eustachio
  3171 | D:4      | Reached XP level 6. HP: 19/47 MP: 6/6
  3243 | D:4      | Noticed a sky beast
  3373 | D:4      | Killed a sky beast
  3373 | D:4      | Reached XP level 7. HP: 45/53 MP: 7/7
  3505 | D:4      | Noticed Blork the orc
  3539 | D:4      | Killed Blork the orc
  4270 | D:5      | Entered Level 5 of the Dungeon
  4273 | D:5      | Found a staircase to the Ecumenical Temple.
  4291 | Temple   | Entered the Ecumenical Temple
  4798 | D:5      | Reached XP level 8. HP: 54/60 MP: 8/8
  4885 | D:5      | HP: 3/60 [gnoll/spear (3)]
  4887 | D:5      | Slain by a gnoll

Action                   |  1- 3 |  4- 6 |  7- 9 || total
-------------------------+-------+-------+-------++-------
Melee: Long sword        |   121 |   244 |   152 ||   517
  Use: Scroll            |       |     3 |       ||     3
       Potion            |       |     2 |       ||     2
  Eat: Bread ration      |       |     1 |     1 ||     2
       Meat ration       |       |     1 |       ||     1
